 Dungeon Crawl Stone Soup version 0.26-a0-606-g3c8f2f65f7 (webtiles) character file.

Game seed: 16598634001337857360

241 ANON1729 the Shield-Bearer (level 6, -1/49 HPs)
             Began as a Formicid Fighter on Sept 1, 2020.
             Slain by an adder (2 damage)
             ... on level 3 of the Dungeon.
             The game lasted 00:03:09 (2549 turns).

ANON1729 the Shield-Bearer (Formicid Fighter)       Turns: 2549, Time: 00:03:10

Health: -1/49      AC:  7    Str: 22    XL:     6   Next: 30%
Magic:  6/6        EV:  8    Int:  8    God:
Gold:   177        SH: 10    Dex: 10    Spells: 5/5 levels left

rFire    + . .     SeeInvis +   a - +0 war axe
rCold    + . .     Faith    .   c - +0 kite shield
rNeg     . . .     Spirit   .   b - +0 scale mail
rPois    +         Reflect  .   (helmet unavailable)
rElec    +         Harm     .   (no cloak)
rCorr    +                      (no gloves)
MR       .....                  (no boots)
Stlth    ..........             (no amulet)
HPRegen  0.16/turn              (no ring)
MPRegen  0.10/turn              (no ring)

@: resistant
A: permanent stasis, dig shafts and tunnels, four strong arms, antennae 3
a: Dig, Shaft Self


You were on level 3 of the Dungeon.
You visited 1 branch of the dungeon, and saw 3 of its levels.

You collected 177 gold pieces.

Inventory:

Hand Weapons
 a - a +0 war axe (weapon)
Armour
 b - a +0 scale mail (worn)
 c - a +0 kite shield (worn)
Scrolls
 e - 2 scrolls of identify {unknown}
 g - a scroll of amnesia {unknown}
 h - a scroll of immolation {unknown}
 i - 3 scrolls of remove curse {unknown}
 k - 2 scrolls of enchant armour {unknown}
 n - 2 scrolls of teleportation {unknown}
 o - a scroll of magic mapping {unknown}
 p - a scroll of fog {unknown}
Potions
 d - a potion of might
 f - a potion of invisibility {unknown}
 j - a potion of brilliance {unknown}
 l - a potion of haste {unknown}


   Skills:
 + Level 4.5 Fighting
 + Level 3.5 Axes
 + Level 4.6 Armour
 + Level 5.0 Shields


You had 5 spell levels left.
You didn't know any spells.
Your spell library was empty.

Dungeon Overview and Level Annotations

Branches:
Dungeon (3/15)

Altars:
Okawaru


Innate Abilities, Weirdness & Mutations

You cannot be hasted, slowed, berserked, paralysed or teleported.
You can dig through walls and to a lower floor.
Your four strong arms can wield two-handed weapons with a shield.
You have a pair of large antennae on your head. (SInv)


Message History

You are too injured to fight recklessly!
You are too injured to fight recklessly!
You are too injured to fight recklessly!
You are too injured to fight recklessly!
You are too injured to fight recklessly!
You are too injured to fight recklessly!
You closely miss the adder.
The adder is almost dead.
You hit the jackal but do no damage. The adder closely misses you.
The jackal bites you but does no damage.
The hobgoblin hits you from afar with the +12 spear of Wisdom {flame, rC+}!
* * * LOW HITPOINT WARNING * * *
The hobgoblin burns you.
* * * LOW HITPOINT WARNING * * *
The adder closely misses you. The jackal barely misses you.
The hobgoblin barely misses you.
It was a potion of resistance.
You feel protected. The adder bites you.
You die...

#.....####(..♣.♣(♣.♣...#
#.....###.....♣.♣.♣...)###.
#....(......♣.♣..........
#......###..#...♣...#.####..
...##...# ##...........# .
#.....##....#.######
##..#.........#
##.###..#...####### #.#
#.....@S...... #.#
#?.##.†h...... #..
#...g..... .. ##.##.)### #
#.. .## #.. # ... (...


You could see an adder, a jackal and a hobgoblin.

Vanquished Creatures
  An ice beast (D:3)
  Terence (D:2)
  5 adders
  2 oozes (D:1)
  3 worms (D:2)
  3 dart slugs
  2 leopard geckos (D:1)
  4 giant cockroaches
  10 goblins
  4 hobgoblins
  2 jackals (D:3)
  3 kobolds
  A quokka (D:2)
  A ball python (D:3)
  9 bats
  3 frilled lizards
  4 rats
58 creatures vanquished.

Notes
Turn   | Place    | Note
-------+----------+-------------------------------------------
     0 | D:1      | ANON1729 the Formicid Fighter began the quest for the Orb.
     0 | D:1      | Reached XP level 1. HP: 18/18 MP: 1/1
    26 | D:1      | Reached XP level 2. HP: 23/24 MP: 2/2
   277 | D:1      | Reached XP level 3. HP: 25/29 MP: 3/3
   450 | D:1      | Reached skill level 4 in Shields
   798 | D:2      | Reached XP level 4. HP: 27/37 MP: 4/4
  1179 | D:2      | Noticed Terence
  1187 | D:2      | Killed Terence
  1398 | D:2      | Reached XP level 5. HP: 32/42 MP: 5/5
  1622 | D:3      | Found an iron altar of Okawaru.
  1650 | D:3      | Noticed an ice beast
  2267 | D:3      | Killed an ice beast
  2267 | D:3      | Reached skill level 5 in Shields
  2267 | D:3      | Reached XP level 6. HP: 23/49 MP: 6/6
  2540 | D:3      | Identified the +12 spear of Wisdom {flame, rC+}
  2548 | D:3      | HP: 2/49 [hobgoblin/the +12 spear of Wisdom {flame, rC+}
                  | (7)]
  2549 | D:3      | Slain by an adder

Illustrated notes

Levels and vault maps discovered:
D:1:      dpeg_arrival_lava_temple_mockup, layout_basic, minmay_unequal
D:2:      layout_basic, uniq_terence
D:3:      layout_rooms, okawaru_trees_2, minmay_checkerbox

Skill      XL: |  1  2  3  4  5 |
---------------+----------------+-----
Shields        | 4 5 |  5.0
Fighting       | 4 |  4.5
Armour         | 4 |  4.6
Axes           | 3 |  3.5

Action                   |  1- 3 |  4- 6 || total
-------------------------+-------+-------++-------
Melee: War axe           |    58 |   122 ||   180
  Use: Potion            |       |     1 ||     1
Armor: Scale mail        |    24 |    77 ||   101
Dodge: Dodged            |    15 |    75 ||    90
Block: Kite shield       |    28 |   115 ||   143

Table legend: (Time is in decaauts)
 A = Elapsed time spent in this place.
 B = Non-inter-level travel time spent in this place.
 C = Inter-level travel time spent in this place.
 D = Time resting spent in this place.
 E = Time spent auto-exploring this place.
 F = Levels seen in this place.
 G = Mean time per level.
                   A        B        C        D        E       F      G
               +--------+--------+--------+--------+--------+-----+--------+
         Total |   2625 |   2451 |    174 |    436 |   1508 |   3 |  875.0 |
       Dungeon |   2625 |   2451 |    174 |    436 |   1508 |   3 |  875.0 |
               +--------+--------+--------+--------+--------+-----+--------+

Top non-repeatable levels by time:
     D:2: 1334 daAuts
     D:1: 732 daAuts
     D:3: 558 daAuts
